 Dungeon Crawl Stone Soup version 0.25.1-2-g60ff931df9 (webtiles) character file.

Game seed: 18296836479149251953

128 sankara the Covered (level 4, -1/41 HPs)
             Began as a Minotaur Fighter on Sept 4, 2020.
             Was an Initiate of Ru.
             Slain by Sigmund
             ... wielding a +3 scythe of venom
              (5 damage)
             ... on level 2 of the Dungeon.
             The game lasted 00:02:33 (1274 turns).

sankara the Covered (Minotaur Fighter)              Turns: 1274, Time: 00:02:33

Health: -1/41      AC:  7    Str: 21    XL:     4   Next: 86%
Magic:  3/3        EV:  7    Int:  5    God:    Ru [......]
Gold:   70         SH:  9    Dex: 10    Spells: 3/3 levels left

rFire    . . .     SeeInvis .   a - +0 flail
rCold    . . .     Gourm    .   c - +0 kite shield
rNeg     . . .     Faith    .   b - +0 scale mail
rPois    .         Spirit   .   (helmet restricted)
rElec    .         Reflect  .   (no cloak)
rCorr    .         Harm     .   (no gloves)
MR       .....                  (no boots)
Stlth    ..........             (no amulet)
HPRegen  0.13/turn              (no ring)
MPRegen  0.08/turn              (no ring)

@: mighty, lethally poisoned (-1 -> -23)
A: retaliatory headbutt, horns 2
a: Renounce Religion


You were on level 2 of the Dungeon.
You worshipped Ru.
Ru was noncommittal.
You were not hungry.

You visited 1 branch of the dungeon, and saw 2 of its levels.

You collected 70 gold pieces.

Inventory:

Hand Weapons
 a - a +0 flail (weapon)
Missiles
 i - 7 poisoned darts (quivered)
 j - 47 stones
 k - 44 sling bullets
 l - 4 atropa-tipped darts
 m - 6 boomerangs of dispersal
Armour
 b - a +0 scale mail (worn)
 c - a +0 kite shield (worn)
Scrolls
 e - 2 scrolls of remove curse {unknown}
 g - 2 scrolls of identify {unknown}
 o - a scroll of immolation {unknown}
 p - a scroll of blinking {unknown}
Comestibles
 f - 3 rations
 h - 3 chunks of flesh


   Skills:
 + Level 4.4 Fighting
 * Level 4.3 Maces & Flails
 + Level 4.4 Armour
 + Level 4.4 Shields


You had 3 spell levels left.
You didn't know any spells.
Your spell library was empty.

Dungeon Overview and Level Annotations

Branches:
Dungeon (2/15)

Altars:
Ru

Annotations:
D:2 Sigmund


Innate Abilities, Weirdness & Mutations

You reflexively headbutt those who attack you in melee.
You have a pair of horns on your head.


Message History

The kobold hits you.
You feel sick. Something hits you.
You are lethally poisoned!
You feel less invigorated.
You feel less confused.
You feel sick.
You feel sick. You block the kobold's attack. Something hits you!
* * * LOW HITPOINT WARNING * * *
You are more poisoned.
You bludgeon the kobold!!
You kill the kobold!
* * * LOW HITPOINT WARNING * * *
You feel very sick.
* * * LOW HITPOINT WARNING * * *
You feel sick. You block something's attack.
You see here a leopard gecko corpse.
You hit something. You headbutt something!
* * * LOW HITPOINT WARNING * * *
You feel sick. Something hits you.
You die...

#........... #........#
#..........#####........#
#.......................#
#.^........#####........#
#.%......[÷# #........#
#..........# #........#
#..........# #........#
#.......†..# ##########
.........@.# #........†.#
#.............
#####...#.......
#...#.......#
#...#.......#
#...#.......#
#...#.......#


There were no monsters in sight!

Vanquished Creatures
  An orc wizard (D:2)
  Terence (D:2)
  An adder (D:2)
  3 dart slugs
  3 leopard geckos
  An orc (D:2)
  5 bats
  2 giant cockroaches (D:1)
  7 goblins
  6 hobgoblins (D:1)
  5 jackals
  8 kobolds
  A frilled lizard (D:2)
  6 rats
50 creatures vanquished.

Notes
Turn   | Place    | Note
-------+----------+-------------------------------------------
     0 | D:1      | sankara the Minotaur Fighter began the quest for the Orb.
     0 | D:1      | Reached XP level 1. HP: 19/19 MP: 0/0
   154 | D:1      | Reached XP level 2. HP: 23/27 MP: 1/1
   429 | D:1      | Reached XP level 3. HP: 29/33 MP: 2/2
   897 | D:2      | Noticed Terence
   909 | D:2      | Killed Terence
   909 | D:2      | Reached XP level 4. HP: 33/40 MP: 3/3
  1073 | D:2      | Found a sacrificial altar of Ru.
  1111 | D:2      | Became a worshipper of Ru the Awakened
  1259 | D:2      | Noticed Sigmund
  1274 | D:2      | Slain by Sigmund

Illustrated notes

Levels and vault maps discovered:
D:1:      matt_arrival_refuge, layout_loops_ring, due_unseen_surprise
D:2:      layout_basic, nicolae_ru_great_annihilating_truth,
          gammafunk_temple_overflow_elements, first_ration, grunt_ministairs_2,
          uniq_sigmund, uniq_terence

Skill      XL: |  1  2  3  4 |
---------------+-------------+-----
Maces & Flails | 3 4 |  4.3
Fighting       | 4 |  4.4
Armour         | 4 |  4.4
Shields        | 4 |  4.4

Action                   |  1- 3 |  4- 6 || total
-------------------------+-------+-------++-------
Melee: Flail             |    73 |    41 ||   114
       Headbutt          |    10 |     4 ||    14
  Use: Potion            |       |     2 ||     2
 Stab: Paralysed         |       |     2 ||     2
  Eat: Chunk             |       |     1 ||     1
Armor: Scale mail        |    30 |    31 ||    61
Dodge: Dodged            |    28 |    19 ||    47
Block: Kite shield       |    46 |    30 ||    76
